 Dungeon Crawl Stone Soup version 0.32-a0-872-g59262bdc9b (webtiles) character file.

Game seed: 9347079203888223512

2725 Shayle the Firebug (level 9, -1/57 HPs)
             Began as a Coglin Alchemist on Mar 30, 2024.
             Was an Initiate of Gozag.
             Slain by Joseph
             ... wielding a +3 heavy quarterstaff
              (7 damage)
             ... on level 7 of the Dungeon.
             The game lasted 00:24:46 (7104 turns).

Shayle the Firebug (Coglin Alchemist)               Turns: 7104, Time: 00:24:46

Health: -1/57      AC:  8    Str: 10    XL:     9   Next: 67%
Magic:  9/16       EV: 11    Int: 18    God:    Gozag
Gold:   475        SH:  0    Dex: 14    Spells: 10/18 levels left

rFire   + . .        n - +2 short sword (drain) {Mishil}
rCold   + . .        f - +1 long sword {Surin}
rNeg    . . .        s - +2 robe {rC+ rF+}
rPois   .            C - +0 helmet
rElec   +            u - +1 cloak
rCorr   .            r - +0 pair of gloves
SInv    .            (no boots)
Will    .....        (amulet unavailable)
Stlth   ++           (ring unavailable)
HPRegen 0.29/turn    (ring unavailable)
MPRegen 0.15/turn    (no gizmo)

%: no passive effects
@: revved
A: off-hand wielding, slow wielding, warmup strikes, no jewellery, electricity
resistance, wild magic 1
a: Invent Gizmo, Renounce Religion, Potion Petition, Call Merchant, Bribe Branch


You were on level 7 of the Dungeon.
You worshipped Gozag.
Gozag was aware of your devotion.
You visited 2 branches of the dungeon, and saw 9 of its levels.

You collected 1039 gold pieces.
You spent 112 gold pieces at shops.
You paid 452 gold pieces to Gozag.

Inventory:

Hand Weapons
 d - a +0 dagger {Hua}
 f - a +1 long sword (offhand) {Surin}
 n - a +2 short sword of draining (weapon) {Mishil}
 w - a +2 heavy hand axe
Armour
 a - a +0 robe
 r - a +0 pair of gloves (worn)
 s - a +2 robe of resistance (worn)
 u - a +1 cloak (worn)
 C - a +0 helmet (worn)
Wands
 h - a wand of mindburst (3)
 A - a wand of flame (31)
 B - a wand of digging (10)
Scrolls
 c - a scroll of identify {unknown}
 e - 3 scrolls of teleportation
 g - a scroll of amnesia {unknown}
 j - a scroll of enchant weapon
 p - 3 scrolls of poison
Potions
 b - a potion of magic
 i - 2 potions of attraction {unknown}
 k - a potion of haste
 l - a potion of invisibility {unknown}
 m - 2 potions of lignification
 x - a potion of enlightenment {unknown}
 z - a potion of might {unknown}


   Skills:
 - Level 1.7 Dodging
 - Level 1.5 Stealth
 - Level 5.1 Spellcasting
 - Level 5.1 Conjurations
 + Level 7.6 Fire Magic
 - Level 7.0 Alchemy


You had 10 spell levels left.
You knew the following spells:

 Your Spells              Type           Power      Damage    Failure   Level
a - Sting                 Conj/Alch      100%       1d9       2%          1
b - Mephitic Cloud        Conj/Alch/Air  24%        N/A       12%         3
c - Sticky Flame          Fire/Alch      40%        2d8       10%         4

Your spell library contained the following spells:

 Spells                   Type           Power      Damage    Failure   Level
 Shock                    Conj/Air       68%        1d7       8%          1
 Mercury Vapours          Alch/Air       44%        N/A       8%          2
 Olgreb's Toxic Radiance  Alch           38%        N/A       12%         4
 Dazzling Flash           Conj/Hex       34%        N/A       21%         3
 Call Imp                 Summ           10%        N/A       28%         2
 Sublimation of Blood     Necr           5%         N/A       28%         2
 Swiftness                Air            5%         N/A       45%         3
 Airstrike                Air            2%         2d(1-17)  85%         4
 Curse of Agony           Necr           5%         N/A       99%         5
 Silence                  Hex/Air        2%         N/A       99%         5
 Summon Hydra             Summ           2%         N/A       100%        7


Dungeon Overview and Level Annotations

Branches:
Dungeon (8/15)             Temple (1/1) D:6
   Lair: D:8-11

Altars:
Cheibriados
Dithmenos
Fedhas
Gozag
Kikubaaqudgha
Makhleb
Nemelex Xobeh
Okawaru
Qazlal
Sif Muna
Trog
Uskayaw
Vehumet
Wu Jian
Xom
Yredelemnul
The Shining One

Shops:
D:5 :   D:6 [

Annotations:
D:7 Joseph
D:8 Erica


Innate Abilities, Weirdness & Mutations

You can wield a second weapon in your off-hand.
It takes a long time for you to wield or remove held weapons.
Your first few attacks do less damage.
You cannot equip rings or amulets.
You are resistant to electric shocks. (rElec)
Your spells are a little harder to cast, but a little more powerful.


Message History

Joseph hits you with a +3 heavy quarterstaff!
You climb upwards.
There is a stone staircase leading down here.
Magic courses through your body.
Casting: Sticky Flame (dangerous; 10% risk of failure)
Confirm with . or Enter, or press ? or * to list all spells.
Aiming: Sticky Flame (dangerous; 10% risk of failure)
Press: ? - help, Shift-Dir - straight line, f - Joseph
Aim: Joseph, wielding a +3 heavy quarterstaff and wearing a +1 ring mail of cold resistance The sticky flame hits Joseph.
Joseph is lightly wounded.
Joseph burns!
Joseph hits you with a +3 heavy quarterstaff!
* * * LOW HITPOINT WARNING * * *
You feel much better.
Joseph burns!
Joseph hits you with a +3 heavy quarterstaff!!
You barely miss Joseph with your +1 long sword.
Joseph is lightly wounded.
You hit Joseph with your +2 short sword of draining.
You drain Joseph.
Joseph burns! x2
Unknown command.
You slash Joseph with your +1 long sword!
Joseph is severely wounded.
You hit Joseph but do no damage. You drain Joseph.
Joseph burns!
Joseph stops burning.
Joseph hits you with a +3 heavy quarterstaff!
* * * LOW HITPOINT WARNING * * *
Unknown command.
Casting: Sticky Flame (dangerous; 10% risk of failure)
Confirm with . or Enter, or press ? or * to list all spells.
Aiming: Sticky Flame (dangerous; 10% risk of failure)
Press: ? - help, Shift-Dir - straight line, f/p - Joseph
Aim: Joseph, wielding a +3 heavy quarterstaff and wearing a +1 ring mail of cold resistance (severely wounded, lightly drained)
The sticky flame hits Joseph!
Joseph is almost dead.
Joseph burns!
Joseph tries to grin evilly.
Joseph hits you with a +3 heavy quarterstaff!
You die...
Your body crumbles into a pile of gold.

##<..♣..................~
#.....♣♣...♣♣P......♣..(~
##....♣♣♣.P.♣♣P..##......~
#..>..P.P♣.......#...♣...ß
##.#.............#........
##........................
#...........#.............
##.........##.............
#.####..@.#.........##...
##.# #.@.......#......##.
#..# ##.#.#....##..#......
#..###..#......##..###....
##.........................
#..................#.......
#.........................#
#.....P.P....##..##..)...))
#....P.......##..##.......#


You could see Joseph (burning, drained).

Vanquished Creatures
  Maurice (D:8)
  A steam dragon (D:6)
  2 orc warriors
  2 ice beasts (D:6)
  A centaur (D:8)
  A phantom (D:7)
  2 bullfrogs
  3 scorpions
  7 killer bees
  3 electric eels (D:7)
  3 howler monkeys
  2 bombardier beetles
  3 hounds
  4 jellies
  Jessica (D:3)
  Ijyb (D:5)
  4 iguanas
  2 sleepcaps
  8 orc wizards
  4 adders
  A gnoll (D:7)
  A white imp (D:7)
  3 dart slugs
  13 orcs
  6 bats
  7 endoplasms
  A hobgoblin (D:4)
  6 jackals
  2 quokkas (D:5)
  4 ball pythons
  2 frilled lizards
  2 goblins
  10 kobolds
  4 rats
117 creatures vanquished.

Vanquished Creatures (collateral kills)
  A centaur (D:7)
1 creature vanquished.

Grand Total: 118 creatures vanquished

Notes
Turn   | Place    | Note
-------+----------+-------------------------------------------
     0 | D:1      | Shayle the Coglin Alchemist began the quest for the Orb.
     0 | D:1      | Reached XP level 1. HP: 13/13 MP: 3/3
    19 | D:1      | Found a faded altar of an unknown god.
   139 | D:1      | Reached skill level 1 in Conjurations
   320 | D:1      | Reached XP level 2. HP: 15/19 MP: 2/4
  1222 | D:2      | Reached XP level 3. HP: 18/24 MP: 6/6
  1280 | D:2      | Found a stormy altar of Qazlal.
  2176 | D:3      | Noticed Jessica
  2182 | D:3      | Killed Jessica
  2183 | D:3      | Reached XP level 4. HP: 22/30 MP: 7/7
  2317 | D:3      | Found a shadowy altar of Dithmenos.
  2511 | D:3      | Found an opulent altar of Gozag.
  2522 | D:3      | Became a worshipper of Gozag Ym Sagoz the Greedy
  3094 | D:4      | Reached XP level 5. HP: 19/35 MP: 9/9
  3102 | D:4      | Learned a level 3 spell: Mephitic Cloud
  3465 | D:4      | Noticed an orc warrior
  3476 | D:4      | Killed an orc warrior
  3477 | D:4      | Reached skill level 5 in Alchemy
  3477 | D:4      | Reached XP level 6. HP: 37/41 MP: 2/11
  4078 | D:5      | Entered Level 5 of the Dungeon
  4085 | D:5      | You fall into a shaft and drop 1 floor!
  4096 | D:6      | Noticed a steam dragon
  4363 | D:5      | Reached XP level 7. HP: 38/46 MP: 3/12
  4906 | D:5      | Noticed Ijyb
  4915 | D:5      | Killed Ijyb
  5020 | D:5      | Found Kasuryeth's Book Shoppe.
  5113 | D:5      | Found a shimmering altar of Xom.
  5116 | D:5      | Found a shimmering altar of Xom.
  5284 | D:6      | Found Lyqarchou's Antique Armour Emporium.
  5301 | D:6      | Bought a helmet for 112 gold pieces
  5370 | D:6      | Found a radiant altar of Vehumet.
  5423 | D:6      | Reached XP level 8. HP: 48/52 MP: 14/14
  5460 | D:6      | Found a stormy altar of Qazlal.
  5463 | D:6      | Noticed an air elemental
  5463 | D:6      | Noticed a water elemental
  5597 | D:6      | Found a hide-covered altar of Uskayaw.
  5716 | D:6      | Found a staircase to the Ecumenical Temple.
  5728 | Temple   | Entered the Ecumenical Temple
  5848 | D:6      | Reached skill level 5 in Spellcasting
  5848 | D:6      | Reached skill level 5 in Conjurations
  5991 | D:6      | Reached skill level 1 in Fire Magic
  6220 | D:7      | Gained mutation: You are resistant to electric shocks.
                  | (rElec) [potion of mutation]
  6220 | D:7      | Gained mutation: Your spells are a little harder to cast,
                  | but a little more powerful. [potion of mutation]
  6404 | D:7      | Reached XP level 9. HP: 52/57 MP: 14/16
  6413 | D:7      | Learned a level 4 spell: Sticky Flame
  6463 | D:7      | Reached skill level 5 in Fire Magic
  7068 | D:8      | Noticed Erica
  7068 | D:8      | Noticed Maurice
  7093 | D:8      | Killed Maurice
  7095 | D:8      | Noticed Joseph
  7104 | D:7      | Slain by Joseph

Illustrated notes

Levels and vault maps discovered:
D:1:      ebering_hopf_link, layout_basic, shapermc_ecumenical_altar_gd
D:2:      layout_basic, basic_altar
D:3:      layout_loops_corners, mainiacjoe_overflow_surrounded_room,
          nicolae_overflow_crystal_walls, uniq_jessica
D:4:      layout_basic
D:5:      layout_loops_ring, xom_redecorated, serial_shops,
          nicolae_shop_tiny_real_fake_doors, grunt_decor_cap, uniq_ijyb
D:6:      layout_gridville, nicolae_qazlal_style_of_elements,
          mainiacjoe_overflow_tiny_flanked, fiery_altar_vehumet,
          minmay_temple_entry_offerings, serial_shops,
          nicolae_shop_just_a_little_nook
D:7:      layout_cave_pools, serial_park, serial_park_fountain,
          serial_park_square3 [serial_park_minivault_5x5_7], serial_park_tiny_1,
          serial_park_square1 [serial_park_minivault_5x5_5]
D:8:      layout_loops_cross, zin_statuary, st_stairs_13, uniq_jeremiah,
          uniq_grum, uniq_joseph, uniq_maurice, uniq_erica
Temple:   nicolae_temple_bog_church

Skill      XL: |  1  2  3  4  5  6  7  8  9 |
---------------+----------------------------+-----
Conjurations   | 1 2 3 4 5 |  5.1
Spellcasting   | 2 3 4 5 |  5.1
Alchemy        | 4 5 6 7 |  7.0
Fire Magic     | 4 7 |  7.6
Dodging        | |  1.7
Stealth        | |  1.5

Action                     |  1- 3 |  4- 6 |  7- 9 || total
---------------------------+-------+-------+-------++-------
  Melee: Dagger            |    39 |       |       ||    39
         Long sword        |    45 |    66 |   133 ||   244
         Short sword       |    23 |    63 |   131 ||   217
   Cast: Sting             |    15 |     7 |    40 ||    62
         Mephitic Cloud    |       |     3 |    14 ||    17
         Sticky Flame      |       |       |    10 ||    10
 Invoke: Potion Petition   |       |       |     1 ||     1
  Evoke: Wand              |       |       |    12 ||    12
    Use: Scroll            |       |       |     9 ||     9
         Potion            |       |       |    10 ||    10
   Stab: Sleeping          |     4 |     3 |       ||     7
         Confused          |       |     1 |     6 ||     7
 Armour: Robe              |    40 |    44 |   110 ||   194
         Skin              |       |       |    72 ||    72
  Dodge: Dodged            |    41 |    27 |   101 ||   169

Table legend: (Time is in decaauts)
 A = Elapsed time spent in this place.
 B = Non-inter-level travel time spent in this place.
 C = Inter-level travel time spent in this place.
 D = Time resting spent in this place.
 E = Time spent auto-exploring this place.
 F = Levels seen in this place.
 G = Mean time per level.
                   A        B        C        D        E       F      G
               +--------+--------+--------+--------+--------+-----+--------+
         Total |   7142 |   6841 |    301 |    591 |   4560 |   9 |  793.6 |
       Dungeon |   7113 |   6823 |    290 |    591 |   4560 |   8 |  889.1 |
        Temple |     28 |     17 |     11 |      0 |      0 |   1 |   28.0 |
               +--------+--------+--------+--------+--------+-----+--------+

Top non-repeatable levels by time:
     D:5: 1169 daAuts
     D:4: 1113 daAuts
     D:6: 1055 daAuts
     D:1: 1033 daAuts
     D:2: 996 daAuts
     D:3: 957 daAuts
     D:7: 752 daAuts
     D:8: 35 daAuts
  Temple: 28 daAuts
